 Dungeon Crawl Stone Soup version 0.30-a0-859-gf88a04b62d (webtiles) character file.

Game seed: 10955361995484296261

30 Demosthentine the Poker (level 3, 0/28 HPs)
             Began as a Demonspawn Gladiator on Mar 6, 2023.
             Splashed by a jelly's acid (5 damage)
             ... on level 2 of the Dungeon.
             The game lasted 00:01:18 (948 turns).

Demosthentine the Poker (Demonspawn Gladiator)       Turns: 948, Time: 00:01:18

Health: 0/28       AC: -1    Str: 16    XL:     3   Next: 3%
Magic:  3/3        EV: 12    Int:  9    God:
Gold:   63         SH:  0    Dex: 14    Spells: 2/2 levels left

rFire   . . .      SeeInvis .    (no weapon)
rCold   . . .      Faith    .    (no shield)
rNeg    . . .      Spirit   .    b - +0 leather armour
rPois   .          Reflect  .    c - +0 helmet
rElec   .          Rampage  .    k - +0 cloak
rCorr   .                        f - +0 pair of gloves
Will    .....                    (no boots)
Stlth   +                        (no amulet)
HPRegen 0.24/turn                (no ring)
MPRegen 0.08/turn                (no ring)

@: corroded
A: claws 1, powered by death 1
a: no special abilities


You were on level 2 of the Dungeon.
You visited 1 branch of the dungeon, and saw 2 of its levels.

You collected 63 gold pieces.

Inventory:

Missiles
 d - a throwing net (quivered)
 e - a javelin
Armour
 b - a +0 leather armour (worn)
 c - a +0 helmet (worn)
 f - a +0 pair of gloves (worn)
 k - a +0 cloak (worn)
Potions
 g - a potion of curing
 h - a potion of flight {unknown}
 i - a potion of brilliance {unknown}


   Skills:
 + Level 2.4 Fighting
 - Level 3.0 Polearms
 - Level 1.7 Throwing
 + Level 1.0 Armour
 + Level 3.0 Dodging
 + Level 0.0 Unarmed Combat


You had 2 spell levels left.
You didn't know any spells.
Your spell library contained the following spells:

 Spells                   Type           Power      Damage    Failure   Level
 Magic Dart               Conj           0%         1d3       45%         1
 Searing Ray              Conj           0%         2d4       58%         2
 Fulminant Prism          Conj/Hex       0%         3d5       99%         4


Dungeon Overview and Level Annotations

Branches:
Dungeon (2/15)

Altars:


Innate Abilities, Weirdness & Mutations

You have sharp fingernails.
You regenerate a little health from kills.


Message History

You barely miss the goblin.
The goblin is severely wounded.
The goblin hits you with a +0 club.
You hit the goblin.
You kill the goblin!
A jelly is nearby!
Unknown command.
Throw: 3 throwing nets
Press: ? - help, Q - select action, (/) - cycle Shift-Dir - straight line, f - jelly
Aim: a jelly (89% to hit)
You throw a throwing net. The throwing net hits the jelly.
The jelly is caught in the net!
The jelly struggles against the net.
You hit the jelly. The acid corrodes you!
Your hands burn!
The jelly is lightly wounded.
The jelly struggles against the net.
You hit the jelly.
Your hands burn!
The jelly is moderately wounded.
The jelly struggles against the net.
You hit the jelly but do no damage. The acid corrodes you!
Your hands burn!
The jelly is moderately wounded.
The jelly struggles against the net.
You hit the jelly but do no damage.
Your hands burn!
The jelly is moderately wounded.
The jelly struggles against the net.
The net rips apart, and the jelly comes free!
You hit the jelly but do no damage.
Your hands burn!
The jelly is moderately wounded.
The jelly hits you.
You are splashed with acid!
* * * LOW HITPOINT WARNING * * *
Throw: 2 throwing nets
Press: ? - help, Q - select action, (/) - cycle Shift-Dir - straight line, f/p - jelly
Aim: a jelly (moderately wounded, 89% to hit)
You throw a throwing net. The throwing net hits the jelly.
The jelly is caught in the net!
The jelly is moderately wounded.
The jelly struggles against the net.
You catch the helpless jelly completely off-guard!
You hit the jelly.
Your hands burn!
You die...

########### .........#
. #..>....# ..#....)..#
... ..........##...
#.?..J...##.. #.#.#
#.....@).##.. #...#
#..####.###.#######....
#.###...#...#..#
.####...#...#.#....##
........†...)#........
...#######)..#........
. #.............
#.##.....#.###
#.##^#>..#..<#


You could see a jelly (caught).

Vanquished Creatures
  A dart slug (D:1)
  3 endoplasms (D:1)
  A giant cockroach (D:1)
  5 goblins
  2 hobgoblins (D:1)
  A quokka (D:1)
  3 ball pythons
  2 bats (D:1)
  5 kobolds (D:1)
  3 rats (D:1)
26 creatures vanquished.

Notes
Turn   | Place    | Note
-------+----------+-------------------------------------------
     0 | D:1      | Demosthentine the Demonspawn Gladiator began the quest for
                  | the Orb.
     0 | D:1      | Reached XP level 1. HP: 16/16 MP: 1/1
   125 | D:1      | Gained mutation: You regenerate a little health from kills.
                  | [demonic ancestry]
   125 | D:1      | Reached XP level 2. HP: 20/22 MP: 2/2
   717 | D:1      | Reached skill level 1 in Armour
   929 | D:2      | Discovered your monstrous ancestry.
   929 | D:2      | Gained mutation: You have sharp fingernails. [demonic
                  | ancestry]
   929 | D:2      | Reached XP level 3. HP: 28/28 MP: 3/3
   948 | D:2      | Splashed by a jelly's acid

Illustrated notes

Levels and vault maps discovered:
D:1:      sevenhm_arrival_forest_fort_small_4, layout_basic,
          chequers_serial_rivers_micro_c
D:2:      layout_basic, hellmonk_ecumenical_altar_heavens_door, minmay_vboxes

Skill      XL: |  1  2 |
---------------+-------+-----
Polearms       | 3 |  3.0
Dodging        | 3 |  3.0
Armour         | 1 |  1.0
Fighting       | |  2.4
Throwing       | |  1.7

Action                     || total
---------------------------++-------
  Melee: Trident           ||    58
         Unarmed           ||    11
  Throw: Throwing net      ||     2
    Use: Scroll            ||     2
   Stab: Sleeping          ||     4
         Held in net/web   ||     1
 Armour: Leather armour    ||    15
  Dodge: Dodged            ||    31

Table legend: (Time is in decaauts)
 A = Elapsed time spent in this place.
 B = Non-inter-level travel time spent in this place.
 C = Inter-level travel time spent in this place.
 D = Time resting spent in this place.
 E = Time spent auto-exploring this place.
 F = Levels seen in this place.
 G = Mean time per level.
                   A        B        C        D        E       F      G
               +--------+--------+--------+--------+--------+-----+--------+
         Total |    961 |    898 |     63 |      0 |    731 |   2 |  480.5 |
       Dungeon |    961 |    898 |     63 |      0 |    731 |   2 |  480.5 |
               +--------+--------+--------+--------+--------+-----+--------+

Top non-repeatable levels by time:
     D:1: 922 daAuts
     D:2: 39 daAuts
